 Dungeon Crawl Stone Soup version 0.23.1 (webtiles) character file.

Game seed: 6383930714764825567

0 Sandy the Ducker (level 1, -1/11 HPs)
             Began as a Spriggan Abyssal Knight on Mar 18, 2019.
             Was a Follower of Lugonu.
             Slain by an Executioner (2 damage)
             ... on level 1 of the Abyss.
             The game lasted 00:00:35 (112 turns).

Sandy the Ducker (Spriggan Abyssal Knight)           Turns: 112, Time: 00:00:37

Health: -1/11      AC:  1    Str:  8    XL:     1   Next: 0%
Magic:  3/3        EV: 18    Int: 13    God:    Lugonu [*.....]
Gold:   0          SH:  0    Dex: 15    Spells: 0/0 levels left

rFire    . . .     SeeInvis +   a - +1 short sword
rCold    . . .     Gourm    .   (shield restricted)
rNeg     . . .     Faith    .   b - +0 robe
rPois    .         Spirit   .   (helmet restricted)
rElec    .         Reflect  .   (no cloak)
rCorr    .         Harm     .   (gloves unavailable)
MR       .....     Rnd*Rage +   (boots unavailable)
Stlth    +.........             (no amulet)
HPRegen  0.03/turn              (no ring)
MPRegen  0.08/turn              (no ring)

@: very quick
A: very small, unfitting armour, see invisible, [berserk 3], [deformed body],
herbivore, speed 3, [screaming 3], slow metabolism 2
a: Depart the Abyss, Renounce Religion


You were on level 1 of the Abyss.
You worshipped Lugonu.
Lugonu was aware of your devotion.
You were not hungry.

You visited 0 branches of the dungeon, and saw 0 of its levels.
You visited the Abyss 1 time.

Inventory:

Hand Weapons
 a - a +1 short sword (weapon)
Armour
 b - a +0 robe (worn)
Potions
 d - a potion of ambrosia {unknown}
Comestibles
 c - a ration


   Skills:
 + Level 2.4 Fighting
 + Level 2.1 Short Blades
 + Level 3.5 Dodging
 + Level 1.7 Invocations


You couldn't memorise any spells.
You didn't know any spells.
Your spell library was empty.

Dungeon Overview and Level Annotations

Branches:
Dungeon (0/15)

Altars:


Innate Abilities, Weirdness & Mutations

You are very small and have problems with some larger weapons.
You are too small for most types of armour.
You have supernaturally acute eyesight. (SInv)
You are a herbivore.
You cover ground extremely quickly.
You need to consume almost no food.
[You have an uncontrollable temper.]
[Armour fits poorly on your strangely shaped body.]
[You frequently scream uncontrollably at your foes.]


Message History

Found 2 coppery potions.
The wretched star pulses with an eldritch light!
You feel extremely angry at everything!
Your body twists and deforms.
You scream at the spatial vortex!
A spatial vortex comes into view.
You hear a hideous shriek!
You hear a shout!
You hear a chilling moan.
A large abomination comes into view.
An Executioner comes into view.
The Executioner gives a hideous shriek!
A spatial vortex comes into view.
A spatial vortex comes into view.
The Executioner gestures.
The Executioner seems to speed up.
The Executioner hits you!
Ouch! That really hurt!
* * * LOW HITPOINT WARNING * * *
The Executioner hits you.
* * * LOW HITPOINT WARNING * * *
The Executioner hits you.
You die...

......... ..#
......... ..#
......... ..#
#......# ...#
.##......##...#.
#..............#
.......1.......#
#.......@.....##
...............###
...#.....#.......
##...###...... ..
..#.....#....## .
...X..........# .
#.............#
!####
#.......vv....##....
#..#........ ...##.


You could see an Executioner and a large abomination.

Vanquished Creatures (others)
  3 starspawn tentacles (Abyss:1)
3 creatures vanquished.

Notes
Turn   | Place    | Note
-------+----------+-------------------------------------------
     0 | Abyss:1  | Sandy the Spriggan Abyssal Knight began the quest for the
                  | Orb.
     0 | Abyss:1  | Reached XP level 1. HP: 11/11 MP: 3/3
    32 | Abyss:1  | Noticed a starcursed mass
    39 | Abyss:1  | Noticed a tentacled starspawn
    54 | Abyss:1  | Noticed a spatial maelstrom
    59 | Abyss:1  | Noticed a chaos spawn
    64 | Abyss:1  | Noticed a chaos spawn
    73 | Abyss:1  | Noticed a spatial vortex
    73 | Abyss:1  | Noticed a spatial vortex
    93 | Abyss:1  | Noticed a wretched star
    96 | Abyss:1  | Noticed a spatial vortex
    97 | Abyss:1  | Noticed a spatial vortex
    99 | Abyss:1  | Noticed a spatial vortex
   105 | Abyss:1  | Noticed a spatial vortex
   107 | Abyss:1  | Noticed a large abomination
   109 | Abyss:1  | Noticed an Executioner
   110 | Abyss:1  | Noticed a spatial vortex
   111 | Abyss:1  | Noticed a spatial vortex
   112 | Abyss:1  | Slain by an Executioner
